 Dungeon Crawl Stone Soup version 0.28-a0-500-g121bc3e445 (webtiles) character file.

Game seed: 8515369330093732712

3948 Sabo the Cleaver (level 10, -11/132 (136) HPs)
             Began as a Demonspawn Berserker on Sept 19, 2021.
             Was an Elder of Trog.
             Mangled by Psyche (12 damage)
             ... while paralysed by Psyche
             ... on level 8 of the Dungeon.
             The game lasted 00:47:38 (11998 turns).

Sabo the Cleaver (Demonspawn Berserker)            Turns: 11998, Time: 00:47:39

HP:   -11/132 (136) AC:  0    Str: 19    XL:     10   Next: 2%
MP:   10/10         EV:  3    Int: 12    God:    Trog [****..]
Gold: 144           SH:  0    Dex: 13    Spells: 9/9 levels left

rFire   . . .      SeeInvis .   (weapon currently unavailable)
rCold   . . .      Faith    .   (shield currently unavailable)
rNeg    . . .      Spirit   .   (armour currently unavailable)
rPois   .          Reflect  .   (helmet currently unavailable)
rElec   .          Harm     .   (cloak currently unavailable)
rCorr   .          Rampage  .   (gloves currently unavailable)
Will    .....                   (boots unavailable)
Stlth   ..........              i - amulet of Vitality {Regen+ HP+15}
HPRegen 1.32/turn               (ring currently unavailable)
MPRegen 0.12/turn               (ring currently unavailable)

@: paralysed, berserking, lethally poisoned (-11 -> -11), pig-form, lightly
drained, very quick
A: fast, no casting, small, (talons 3), (spiny 1), big brain 1, condensation
shield
a: Renounce Religion, Berserk, Trog's Hand, Brothers in Arms


You were on level 8 of the Dungeon.
You worshipped Trog.
Trog was greatly pleased with you.
You were a filthy swine.
You visited 1 branch of the dungeon, and saw 8 of its levels.

You collected 322 gold pieces.
You spent 178 gold pieces at shops.

Inventory:

Hand Weapons
 t - a +0 shortbow
 y - a +0 war axe (melded)
 F - a +3 quarterstaff of chaos
Missiles
 e - 38 bolts
 s - 19 sling bullets
 u - 44 arrows
Armour
 c - a +1 helmet (melded)
 n - a +0 plate armour
 p - a +0 ring mail (melded)
 q - a +2 pair of gloves (melded)
 z - the +3 leather armour "Guqicw" {rF- rC+++ Will- Str+5}
   (You bought it in a shop on level 4 of the Dungeon)

   Str:       It affects your strength (+5).
   rF:        It makes you vulnerable to fire.
   rC:        It renders you almost immune to cold.
   Will:      It decreases your willpower.
 G - a +0 cloak (melded)
Jewellery
 i - the amulet of Vitality (around neck) {Regen+ HP+15}
   (You acquired it on level 7 of the Dungeon)

   [amulet of regeneration]

   HP:        It affects your health (+15).
   Regen:     It increases your rate of health regeneration.
Wands
 o - a wand of flame (13)
 v - a wand of mindburst (15)
 D - a wand of polymorph (4)
Scrolls
 f - a scroll of enchant weapon
 g - a scroll of summoning
 k - a scroll of blinking {unknown}
 l - a scroll of teleportation {unknown}
 r - a scroll of silence {unknown}
 w - a scroll of noise {unknown}
 B - 2 scrolls of magic mapping
 C - a scroll of amnesia {unknown}
 I - a scroll of fog {unknown}
 J - a scroll of identify
Potions
 a - 2 potions of haste
 b - 2 potions of cancellation {unknown}
 d - a potion of degeneration {unknown}
 h - 2 potions of flight {unknown}
 j - a potion of curing {unknown}
 m - 3 potions of heal wounds
 x - a potion of attraction {unknown}
 A - a potion of mutation {unknown}
 E - a potion of magic {unknown}
 H - a potion of brilliance {unknown}


   Skills:
 + Level 5.7 Fighting
 + Level 9.0 Axes
 + Level 6.9 Armour
 + Level 4.4 Dodging
 + Level 4.5 Stealth
 + Level 1.4 Shields


You had 9 spell levels left.
You didn't know any spells.
Your spell library was empty.

Dungeon Overview and Level Annotations

Branches:
Dungeon (8/15)             Temple (0/1) D:4
   Lair: D:8-11

Altars:
Fedhas
Gozag
Hepliaklqana
Sif Muna

Shops:
D:4 [*?

Annotations:
D:5 exclusion: oklob plant
D:8 Psyche


Innate Abilities, Weirdness & Mutations

You are a filthy swine.
You move quickly.
Your equipment is almost entirely melded.
You are incapable of wielding weapons or throwing items.
You cannot cast spells.
((You have claws for feet.))
((You are partially covered in sharp spines.))
You have an unusually large brain. (Int +2)
A meltable shield of frost defends you. (SH +0)


Message History

Something hits you!
You feel drained.
You hit something.
You feel sick.
You hear some strange, mumbled words.
A swirling arc of seething chaos appears!
An arc of chaos appears from out of thin air!
The arc of chaos hits you.
You feel drained.
You hit something.
You feel sick. Something hits you.
Your condensation shield dissipates!
Something burns you.
You barely miss something.
You feel sick.
You hear some strange, mumbled words.
A swirling arc of seething chaos appears!
An arc of chaos appears from out of thin air!
The arc of chaos hits you!
A red film seems to cover your vision as you go berserk!
You feel yourself moving faster!
You feel mighty!
You miss something.
You feel sick. Something hits you.
You are more poisoned.
You closely miss something.
You feel very sick. Something hits you! Something burns you.
You bite something!
You feel sick.
You miss something.
You feel sick. Something completely misses you.
You closely miss something.
You feel sick. Something closely misses you.
You bite something!
You feel sick.
You closely miss something.
You feel sick. Something hits you!
* * * LOW HITPOINT WARNING * * *
You suddenly lose the ability to move!
You feel sick. Something hits you.
* * * LOW HITPOINT WARNING * * *
Something freezes you.
* * * LOW HITPOINT WARNING * * *
You feel sick. Something hits you!
* * * LOW HITPOINT WARNING * * *
You are electrocuted!
* * * LOW HITPOINT WARNING * * *
Something hits you!
* * * LOW HITPOINT WARNING * * *
You are electrocuted!
You die...

#. # #. .# #. #.## #.
####...# ##.## #.!h{# .
.####...###.##...#
##.............# #.....#
.#..####.....###........
.#.)#####.###.##.##.....
†#........ #...........
....# ###.###.##.##.....
†...# ##...###(# ....
<...# ##.## #.# ....


There were no monsters in sight!

Vanquished Creatures
  A two-headed ogre (D:8)
  Grinder (D:4)
  Sigmund (D:4)
  Menkaure (D:5)
  A steam dragon (D:6)
  A water moccasin (D:6)
  A sky beast (D:6)
  2 ice beasts
  6 ogres
  2 centaurs
  A scorpion (D:6)
  A bullfrog (D:8)
  A water moccasin skeleton (D:5)
  4 killer bees (D:8)
  3 wights (D:3)
  3 howler monkeys
  An electric eel (D:7)
  A hound (D:7)
  2 jellies
  6 orc priests
  2 bullfrog skeletons
  A centaur skeleton (D:4)
  Crazy Yiuf (D:7)
  3 iguanas (D:5)
  6 orc wizards
  Ijyb (D:4)
  Natasha (thrice) (D:4)
  A howler monkey zombie (D:3)
  13 gnolls
  A howler monkey skeleton (D:7)
  5 adders
  2 shadow imps
  An adder zombie (D:5)
  An adder skeleton (D:4)
  4 worms (D:2)
  3 dart slugs
  21 orcs
  10 endoplasms
  2 giant cockroaches
  8 goblins
  7 hobgoblins
  8 jackals
  6 quokkas
  7 ball pythons
  5 bats
  9 frilled lizards
  5 kobolds
  7 rats
183 creatures vanquished.

Vanquished Creatures (others)
  4 bushes (D:8)
  7 fungi
  67 plants
78 creatures vanquished.

Grand Total: 261 creatures vanquished

Notes
Turn   | Place    | Note
-------+----------+-------------------------------------------
     0 | D:1      | Sabo the Demonspawn Berserker began the quest for the Orb.
     0 | D:1      | Reached XP level 1. HP: 18/18 MP: 1/1
   383 | D:1      | Gained mutation: You are partially covered in sharp spines.
                  | [demonic ancestry]
   383 | D:1      | Reached XP level 2. HP: 22/24 MP: 2/2
   696 | D:1      | Found a faded altar of an unknown god.
   707 | D:1      | Reached skill level 3 in Axes
   958 | D:1      | Reached ** piety under Trog
  1067 | D:1      | Gained mutation: You have sharp toenails. [demonic
                  | ancestry]
  1067 | D:1      | Reached XP level 3. HP: 26/29 MP: 3/3
  2378 | D:2      | Gained mutation: You have an unusually large brain. (Int
                  | +2) [demonic ancestry]
  2378 | D:2      | Reached XP level 4. HP: 35/35 MP: 4/4
  2618 | D:2      | You fall into a shaft and drop 2 floors!
  2618 | D:4      | Found a staircase to the Ecumenical Temple.
  2632 | D:4      | Reached skill level 1 in Stealth
  2650 | D:4      | Reached skill level 4 in Axes
  2676 | D:4      | Noticed Natasha
  2686 | D:4      | Killed Natasha
  2687 | D:4      | Reached XP level 5. HP: 38/41 MP: 5/5
  2827 | D:4      | Noticed an ogre
  3024 | D:4      | Noticed Natasha
  3029 | D:4      | Killed Natasha
  3186 | D:4      | Noticed Natasha
  3201 | D:4      | Killed Natasha
  3201 | D:4      | Reached *** piety under Trog
  3202 | D:4      | Gained mutation: You have razor-sharp toenails. [demonic
                  | ancestry]
  3202 | D:4      | Reached XP level 6. HP: 44/48 MP: 6/6
  3298 | D:4      | Noticed Ijyb
  3314 | D:4      | Killed Ijyb
  4294 | D:3      | Reached skill level 5 in Axes
  5054 | D:3      | Found an opulent altar of Gozag.
  5060 | D:3      | Gained mutation: You have claws for feet. [demonic
                  | ancestry]
  5060 | D:3      | Reached XP level 7. HP: 36/54 MP: 7/7
  5654 | D:4      | Noticed Grinder
  5664 | D:4      | Paralysed by Grinder for 3 turns
  5671 | D:4      | Killed Grinder
  5785 | D:4      | Noticed Sigmund
  5809 | D:4      | Killed Sigmund
  5810 | D:4      | Reached skill level 6 in Axes
  5995 | D:4      | Gained mutation: A meltable shield of frost defends you.
                  | (SH +0) [demonic ancestry]
  5995 | D:4      | Reached XP level 8. HP: 61/61 MP: 8/8
  5998 | D:4      | Found Tuaf's Antique Armour Shoppe.
  6033 | D:4      | Bought a faintly humming leather armour for 133 gold pieces
  6033 | D:4      | Identified the +3 leather armour "Guqicw" {rF- rC+++ Will-
                  | Str+5} (You bought it in a shop on level 4 of the Dungeon)
  6075 | D:4      | Found Moll's General Store.
  6081 | D:4      | Bought a scroll of magic mapping for 45 gold pieces
  6125 | D:4      | Found Karoy's Magic Scroll Shoppe.
  6349 | D:4      | Found a hazy altar of Hepliaklqana.
  6441 | D:5      | Entered Level 5 of the Dungeon
  6847 | D:5      | Reached **** piety under Trog
  6848 | D:5      | Reached skill level 5 in Armour
  7062 | D:5      | Reached skill level 7 in Axes
  7458 | D:5      | Noticed Menkaure
  7468 | D:5      | Killed Menkaure
  7791 | D:5      | Found a blossoming altar of Fedhas.
  7806 | D:5      | Noticed an oklob plant
  8587 | D:6      | Reached XP level 9. HP: 62/67 MP: 9/9
  8909 | D:6      | Found a shimmering blue altar of Sif Muna.
  9049 | D:6      | Reached skill level 5 in Fighting
 10244 | D:7      | Found a faded altar of an unknown god.
 10524 | D:7      | Reached skill level 8 in Axes
 10524 | D:7      | Reached skill level 1 in Shields
 10962 | D:7      | Found a runed translucent door.
 10963 | D:7      | Noticed Crazy Yiuf
 10970 | D:7      | Killed Crazy Yiuf
 11253 | D:7      | Identified a scroll of acquirement
 11253 | D:7      | Acquired the amulet of Vitality {Regen+ HP+15}
 11253 | D:7      | Found the amulet of Vitality {Regen+ HP+15}
 11583 | D:8      | Noticed a two-headed ogre
 11719 | D:8      | Killed a two-headed ogre
 11810 | D:8      | Reached XP level 10. HP: 76/76 MP: 10/10
 11812 | D:8      | Reached skill level 9 in Axes
 11965 | D:8      | Noticed Psyche
 11996 | D:8      | Paralysed by something for 4 turns
 11998 | D:8      | HP: 1/132 [something (8)]
 11998 | D:8      | Mangled by Psyche

Illustrated notes

Levels and vault maps discovered:
D:1:      dpeg_arrival_rooms_b, layout_loops_corners,
          hellmonk_ecumenical_altar_leap_of_faith
D:2:      layout_basic, st_stairs_1, kennysheep_generic_room_14
D:3:      layout_basic, mainiacjoe_overflow_24_doors, serial_glass,
          glass_columns_b, glass_columns_a, minmay_strange_pillars
D:4:      layout_rooms, mainiacjoe_overflow_alcove_1,
          minmay_temple_entry_proselytizer, serial_shops, shop_statue,
          shop_fountains, nicolae_take_the_stairs, st_stairs_7,
          saegor_snake_ambush, uniq_sigmund, uniq_grinder, uniq_natasha,
          uniq_ijyb
D:5:      layout_basic, tgw_fedhas, uniq_menkaure
D:6:      layout_cave_pods, lemuel_doored_altar, chequers_avenue,
          serial_bayou_ford_a
D:7:      layout_cave_pools, serial_column_ruins, column_ruins_temple_hall,
          column_ruins_open_tiny, column_ruins_open_medium, column_ruins_grid_1,
          column_ruins_grid_1, column_ruins_open_tiny, column_ruins_open_medium,
          kennysheep_crisscross, uniq_crazy_yiuf_cottage
D:8:      layout_loops_ring, nemelex_spade_bored_becter, serial_shops,
          nicolae_shop_statue_plus, kennysheep_boxes, uniq_psyche

Skill      XL: |  1  2  3  4  5  6  7  8  9 10 |
---------------+-------------------------------+-----
Armour         | 2 4 5 6 |  6.9
Axes           | 3 4 5 6 7 8 9 |  9.0
Dodging        | 2 3 4 |  4.4
Stealth        | 1 2 3 4 |  4.5
Fighting       | 4 5 |  5.7
Shields        | 1 |  1.4

Action                   |  1- 3 |  4- 6 |  7- 9 | 10-12 || total
-------------------------+-------+-------+-------+-------++-------
Melee: Hand axe          |    76 |    94 |    85 |       ||   255
       Kick              |    14 |    28 |    88 |       ||   130
       War axe           |       |       |   167 |     2 ||   169
       Unarmed           |       |       |       |    13 ||    13
Invok: Berserk           |       |     5 |     5 |       ||    10
  Use: Scroll            |       |     2 |     5 |       ||     7
       Potion            |       |       |     3 |       ||     3
 Stab: Sleeping          |     3 |       |     5 |       ||     8
Armor: Animal skin       |    10 |     8 |       |       ||    18
       Ring mail         |       |    12 |    74 |     1 ||    87
Dodge: Dodged            |    34 |    56 |   100 |     4 ||   194
Block: Other             |       |       |    31 |     1 ||    32

Table legend: (Time is in decaauts)
 A = Elapsed time spent in this place.
 B = Non-inter-level travel time spent in this place.
 C = Inter-level travel time spent in this place.
 D = Time resting spent in this place.
 E = Time spent auto-exploring this place.
 F = Levels seen in this place.
 G = Mean time per level.
                   A        B        C        D        E       F      G
               +--------+--------+--------+--------+--------+-----+--------+
         Total |  12169 |  12169 |      0 |   4627 |      0 |   8 | 1521.1 |
       Dungeon |  12169 |  12169 |      0 |   4627 |      0 |   8 | 1521.1 |
               +--------+--------+--------+--------+--------+-----+--------+

Top non-repeatable levels by time:
     D:5: 1927 daAuts
     D:6: 1894 daAuts
     D:1: 1708 daAuts
     D:4: 1696 daAuts
     D:2: 1611 daAuts
     D:3: 1539 daAuts
     D:7: 1347 daAuts
     D:8: 444 daAuts
